 Dungeon Crawl Stone Soup version 0.30-a0-1053-gbd8d5ba0ad (webtiles) character file.

Game seed: 3740714957988798214

4186 Arzdou the Destroyer (level 10, -14/77 HPs)
             Began as a Grey Draconian Conjurer on Apr 11, 2023.
             Was a Believer of Vehumet.
             Demolished by a yak (16 damage)
             ... on level 7 of the Dungeon.
             The game lasted 00:29:21 (10130 turns).

Arzdou the Destroyer (Grey Draconian Conjurer)     Turns: 10130, Time: 00:29:21

Health: -14/77     AC: 15    Str: 10    XL:     10   Next: 8%
Magic:  10/20      EV: 13    Int: 23    God:    Vehumet [**....]
Gold:   273        SH:  0    Dex:  9    Spells: 16/22 levels left

rFire   . . .      SeeInvis .    w - +4 quarterstaff (chaos)
rCold   . . .      Faith    .    (shield currently unavailable)
rNeg    . . .      Spirit   .    (body armour unavailable)
rPois   .          Reflect  .    (helmet restricted)
rElec   .          Rampage  .    v - +0 cloak
rCorr   .                        u - +0 pair of gloves
Will    .....                    A - +0 pair of boots
Stlth   ++                       (no amulet)
HPRegen 0.32/turn                (no ring)
MPRegen 0.17/turn                (no ring)

@: about to teleport
A: AC +12, amphibious, unfitting armour, cold-blooded
a: Renounce Religion


You were on level 7 of the Dungeon.
You worshipped Vehumet.
Vehumet was pleased with you.
You visited 2 branches of the dungeon, and saw 9 of its levels.

You collected 273 gold pieces.

Inventory:

Hand Weapons
 n - a +0 dagger
 w - a +4 quarterstaff of chaos (weapon)
Missiles
 b - a throwing net
Armour
 c - a +0 robe
 u - a +0 pair of gloves (worn)
 v - a +0 cloak (worn)
 A - a +0 pair of boots (worn)
 G - +0 steam dragon scales
Magical Staves
 H - a staff of death
Jewellery
 I - the Hermit's Pendant {Faith Invo=14 Evo=0 MP+5}
   (You found it on level 7 of the Dungeon)

   [amulet of faith]

   Invo=14: It sets your Invocations skill to 14.
   Evo=0: It sets your Evocations skill to 0.
   It allows you to gain divine favour quickly.
   MP:        It affects your magic capacity (+5).
 L - an amulet of magic regeneration
Wands
 y - a wand of flame (17)
 C - a wand of acid (16)
Scrolls
 d - 5 scrolls of teleportation
 e - 2 scrolls of immolation {unknown}
 h - 2 scrolls of blinking {unknown}
 i - a scroll of silence {unknown}
 j - 3 scrolls of torment {unknown}
 q - 3 scrolls of poison {unknown}
 r - 2 scrolls of magic mapping {unknown}
 t - 3 scrolls of fog {unknown}
 B - a scroll of amnesia {unknown}
 D - a scroll of summoning {unknown}
 E - 2 scrolls of vulnerability {unknown}
 J - a scroll of enchant weapon {unknown}
 K - a scroll of enchant armour {unknown}
Potions
 a - a potion of magic
 f - 4 potions of might
 g - 2 potions of invisibility {unknown}
 k - 2 potions of attraction {unknown}
 l - 5 potions of brilliance
 m - 2 potions of heal wounds {unknown}
 o - 4 potions of flight
 p - 4 potions of cancellation
 s - 4 potions of curing
 x - 2 potions of ambrosia {unknown}


   Skills:
 + Level 3.6 Fighting
 + Level 6.1 Staves
 + Level 5.4 Dodging
 + Level 4.1 Stealth
 + Level 0.1 Unarmed Combat
 + Level 6.7 Spellcasting
 + Level 8.9 Conjurations
 + Level 1.4 Hexes


You had 16 spell levels left.
You knew the following spells:

 Your Spells              Type           Power      Damage    Failure   Level
a - Magic Dart            Conj           100%       1d8       1%          1
b - Searing Ray           Conj           96%        2d7       1%          2
c - Dazzling Flash        Conj/Hex       62%        N/A       2%          3

Your spell library contained the following spells:

 Spells                   Type           Power      Damage    Failure   Level
 Shock                    Conj/Air       100%       1d9       1%          1
 Static Discharge         Conj/Air       56%        2-5/arc   1%          2
 Mephitic Cloud           Conj/Pois/Air  21%        N/A       7%          3
 Sting                    Tmut/Pois      28%        1d4       8%          1
 Fulminant Prism          Conj/Hex       15%        3d10      10%         4
 Blink                    Tloc           14%        N/A       12%         2
 Call Imp                 Summ           14%        N/A       12%         2
 Poisonous Vapours        Pois/Air       14%        N/A       12%         2
 Sublimation of Blood     Necr           7%         N/A       12%         2
 Iskenderun's Mystic Bla  Conj/Tloc      28%        2d7       13%         4
 Sticky Flame             Conj/Fire      28%        2d5       13%         4
 Ignite Poison            Fire/Tmut/Pois 7%         N/A       24%         3
 Vhi's Electric Charge    Tloc/Air       14%        N/A       24%         3
 Arcjolt                  Conj/Air       14%        1d24      34%         5
 Irradiate                Conj/Tmut      14%        3d16      34%         5
 Airstrike                Air            3%         2d(1-17)  61%         4
 Manifold Assault         Tloc           7%         N/A       61%         4
 Olgreb's Toxic Radiance  Pois           7%         N/A       61%         4
 Petrify                  Tmut/Erth      7%         N/A       61%         4
 Summon Lightning Spire   Summ/Air       7%         N/A       61%         4
 Storm Form               Tmut/Air       3%         N/A       100%        7
 Ignition                 Fire           3%         3d4       100%        8
 Maxwell's Capacitive Co  Air            3%         ∞         100%        8


Dungeon Overview and Level Annotations

Branches:
Dungeon (8/15)             Temple (1/1) D:4
   Lair: D:8-11

Altars:
Ashenzari
Cheibriados
Dithmenos
Elyvilon
Fedhas
Hepliaklqana
Makhleb
Nemelex Xobeh
Okawaru
Qazlal
Ru
Sif Muna
Trog
Vehumet
Xom
Zin
The Shining One


Innate Abilities, Weirdness & Mutations

Your dull iron-grey scales are very hard. (AC +12)
You are amphibious.
You cannot fit into any form of body armour.
You are cold-blooded and may be slowed by cold attacks.


Message History

You kill the yak!
Vehumet accepts your kill. The yak closely misses you.
Casting: Searing Ray (safe; 1% risk of failure)
Confirm with . or Enter, or press ? or * to list all spells.
Aiming: Searing Ray (safe; 1% risk of failure)
Press: ? - help, Shift-Dir - straight line, f - yak
Aim: a yak (90% to hit)
The searing ray hits the yak!
The yak is lightly wounded. (Press . to maintain the ray.)
The yak closely misses you.
The searing ray hits the yak.
The yak is moderately wounded.
The yak gores you but does no damage.
The searing ray hits the yak.
The yak is heavily wounded.
The yak gores you.
The searing ray hits the yak.
The yak is severely wounded.
You finish channelling your searing ray.
The yak barely misses you. The yak closely misses you.
You hit the yak.
The yak goes berserk!
The yak is severely wounded.
The yak gores you!!
* * * LOW HITPOINT WARNING * * *
The yak misses you.
You thump the yak!
The yak is poisoned.
The yak is severely wounded.
The yak gores you but does no damage. The yak closely misses you.
The yak attacks as you move away! The yak gores you!
* * * LOW HITPOINT WARNING * * *
The yak closely misses you.
As you read the scroll of teleportation, it crumbles to dust.
You feel strangely unstable. The yak gores you.
* * * LOW HITPOINT WARNING * * *
The yak gores you!
You die...

...........##..###..........###.#
...........##..# #..............#
...........##.<###..........##..#
................[..#........##...
.......##....#.[#..#.##..#.......
...............##.......##..#....
............#..#..#......#.##....
...........##....[#..............
................@Y...†...........
........##........[.>.........###
.....#.##..........#[##..(.......
.#...#..........##.).##.........#
.##..#..........##..###........##
................###.#............
...#.........##.# #...#..........
.............#..###..........##..
.....#...........#..>........##..


You could see a yak (berserk, very poisoned).

Vanquished Creatures
  Maggie (D:6)
  Grinder (D:6)
  Prince Ribbit (D:6)
  Sigmund (D:5)
  A basilisk (D:7)
  4 yaks
  A steam dragon (D:6)
  2 water moccasins
  Duvessa (D:5)
  2 ice beasts
  3 orc warriors
  A black bear (D:7)
  2 ogres
  A phantom (D:4)
  3 centaurs
  2 kobold brigands (D:8)
  A bullfrog (D:8)
  A gnoll sergeant (D:8)
  2 scorpions
  Dowan (D:5)
  A killer bee (D:7)
  3 howler monkeys
  3 hounds
  A jelly (D:6)
  An orc priest (D:5)
  Ijyb (D:5)
  Crazy Yiuf (D:3)
  2 iguanas (D:6)
  4 orc wizards
  A mummy (D:5)
  12 adders
  8 gnolls
  A white imp (D:5)
  An ufetubus (D:6)
  A dart slug (D:1)
  22 orcs
  6 endoplasms
  2 giant cockroaches (D:1)
  7 goblins
  10 hobgoblins
  2 quokkas (D:3)
  5 ball pythons
  7 bats
  3 frilled lizards
  13 kobolds
  2 kobold zombies (D:5)
  6 rats
158 creatures vanquished.

Vanquished Creatures (others)
  A fungus (D:8)
1 creature vanquished.

Grand Total: 159 creatures vanquished

Notes
Turn   | Place    | Note
-------+----------+-------------------------------------------
     0 | D:1      | Arzdou the Draconian Conjurer began the quest for the Orb.
     0 | D:1      | Reached XP level 1. HP: 14/14 MP: 3/3
    96 | D:1      | You fall into a shaft and drop 1 floor!
   338 | D:2      | Reached XP level 2. HP: 20/20 MP: 0/5
   724 | D:2      | Reached XP level 3. HP: 26/26 MP: 1/6
  1205 | D:2      | Learned a level 2 spell: Searing Ray
  1540 | D:1      | Reached skill level 5 in Conjurations
  1811 | D:1      | Reached XP level 4. HP: 33/33 MP: 0/7
  1892 | D:1      | Found a faded altar of an unknown god.
  1894 | D:1      | Noticed a golden eye
  1894 | D:1      | Noticed a shining eye
  1895 | D:1      | Noticed an eye of devastation
  1895 | D:1      | Noticed a golden eye
  2834 | D:3      | Found a runed translucent door.
  2835 | D:3      | Noticed Crazy Yiuf
  3024 | D:3      | Killed Crazy Yiuf
  3025 | D:3      | Reached XP level 5. HP: 39/39 MP: 3/9
  3278 | D:4      | Noticed an ice beast
  3318 | D:4      | Killed an ice beast
  3319 | D:4      | Reached XP level 6. HP: 46/46 MP: 0/11
  3948 | D:4      | Found a staircase to the Ecumenical Temple.
  3958 | Temple   | Entered the Ecumenical Temple
  3979 | Temple   | Became a worshipper of Vehumet
  4376 | D:3      | Reached skill level 1 in Fighting
  4376 | D:3      | Reached skill level 6 in Conjurations
  4817 | D:5      | Entered Level 5 of the Dungeon
  4903 | D:5      | Found a blossoming altar of Fedhas.
  4975 | D:5      | Noticed Duvessa
  4993 | D:5      | Noticed Dowan
  5104 | D:5      | Killed Duvessa
  5105 | D:5      | Reached skill level 1 in Staves
  5105 | D:5      | Your scales start taking on a dull iron-grey colour.
  5105 | D:5      | Reached XP level 7. HP: 52/52 MP: 7/13
  5278 | D:5      | Reached * piety under Vehumet
  5278 | D:5      | Offered knowledge of Freeze by Vehumet.
  5414 | D:5      | Killed Dowan
  5634 | D:5      | Noticed Ijyb
  5648 | D:5      | Killed Ijyb
  6072 | D:5      | Noticed Sigmund
  6098 | D:5      | Killed Sigmund
  6099 | D:5      | Reached XP level 8. HP: 58/61 MP: 7/15
  6448 | D:6      | Found a hazy altar of Hepliaklqana.
  6678 | D:6      | Noticed Grinder
  6678 | D:6      | Paralysed by Grinder for 5 turns
  6699 | D:6      | Killed Grinder
  6700 | D:6      | Reached skill level 5 in Spellcasting
  7004 | D:6      | Noticed Maggie
  7023 | D:6      | Killed Maggie
  7024 | D:6      | Reached skill level 7 in Conjurations
  7399 | D:6      | Noticed Prince Ribbit
  7485 | D:6      | Reached skill level 5 in Staves
  7485 | D:6      | Reached XP level 9. HP: 14/69 MP: 3/17
  7737 | D:6      | Killed Prince Ribbit
  7862 | D:7      | Learned a level 3 spell: Dazzling Flash
  8190 | D:7      | Found the Hermit's Pendant {Faith Invo=14 Evo=0 MP+5}
  8656 | D:8      | Noticed a two-headed ogre
  8734 | D:7      | Reached skill level 5 in Dodging
  8867 | D:8      | Reached skill level 8 in Conjurations
  8998 | D:8      | Reached skill level 1 in Hexes
  9626 | D:8      | Reached ** piety under Vehumet
  9626 | D:8      | Offered knowledge of Shock by Vehumet.
  9653 | D:7      | Reached XP level 10. HP: 53/77 MP: 9/20
  9842 | D:7      | HP: 1/77 [yak (14)]
 10128 | D:7      | HP: 3/77 [yak (14)]
 10130 | D:7      | Demolished by a yak

Illustrated notes

Levels and vault maps discovered:
D:1:      grunt_arrival_crossed_arrows, layout_rooms,
          hellmonk_ecumenical_altar_watching_god, chequers_serial_rivers_marsh
D:2:      layout_basic
D:3:      layout_loops_cross, uniq_crazy_yiuf_cottage
D:4:      layout_gridville, minmay_temple_entry_purple_smoke,
          hangedman_abyss_or_decor_lesser_grid, st_stairs_2
D:5:      layout_basic, mainiacjoe_overflow_brackets,
          nicolae_ossuary_entry_giza, uniq_ijyb, uniq_duvessa, uniq_sigmund
D:6:      layout_basic, mainiacjoe_overflow_surrounded_room, skrybe_limestone_x,
          minmay_misc_feat_cross, uniq_grinder, uniq_prince_ribbit1, uniq_maggie
D:7:      layout_cave_pools
D:8:      layout_basic, mainiacjoe_overflow_divided_tiny, david_lair_generic,
          minmay_bent
Temple:   hellmonk_temple_two_chambers

Skill      XL: |  1  2  3  4  5  6  7  8  9 |
---------------+----------------------------+-----
Dodging        | 2 3 4 5 |  5.4
Conjurations   | 5 6 7 8 |  8.9
Stealth        | 2 3 4 |  4.1
Spellcasting   | 3 4 5 6 |  6.7
Fighting       | 1 2 3 |  3.6
Staves         | 1 3 5 6 |  6.1
Hexes          | 1 |  1.4
Unarmed Combat | |  0.1

Action                     |  1- 3 |  4- 6 |  7- 9 | 10-12 || total
---------------------------+-------+-------+-------+-------++-------
  Melee: Unarmed           |    21 |       |       |       ||    21
         Tailslap          |     5 |     3 |    10 |       ||    18
         Dagger            |    18 |     5 |       |       ||    23
         Quarterstaff      |       |    16 |    94 |    12 ||   122
   Cast: Magic Dart        |    66 |    95 |   159 |       ||   320
         Searing Ray       |     1 |    20 |    36 |     9 ||    66
         Dazzling Flash    |       |       |     9 |     2 ||    11
    Use: Scroll            |       |       |     5 |     3 ||     8
 Armour: Skin              |    12 |    29 |   139 |    12 ||   192
  Dodge: Dodged            |    47 |    56 |   215 |    31 ||   349

Table legend: (Time is in decaauts)
 A = Elapsed time spent in this place.
 B = Non-inter-level travel time spent in this place.
 C = Inter-level travel time spent in this place.
 D = Time resting spent in this place.
 E = Time spent auto-exploring this place.
 F = Levels seen in this place.
 G = Mean time per level.
                   A        B        C        D        E       F      G
               +--------+--------+--------+--------+--------+-----+--------+
         Total |  10178 |   9835 |    343 |      0 |   8118 |   9 | 1130.9 |
       Dungeon |  10140 |   9797 |    343 |      0 |   8110 |   8 | 1267.5 |
        Temple |     38 |     38 |      0 |      0 |      8 |   1 |   38.0 |
               +--------+--------+--------+--------+--------+-----+--------+

Top non-repeatable levels by time:
     D:6: 1847 daAuts
     D:7: 1791 daAuts
     D:4: 1577 daAuts
     D:3: 1273 daAuts
     D:5: 1226 daAuts
     D:2: 1216 daAuts
     D:1: 900 daAuts
     D:8: 305 daAuts
  Temple: 38 daAuts
